 Dungeon Crawl Stone Soup version 0.29.1-13-g9f3cf754e1 (webtiles) character file.

Game seed: 11484157583884843122

4899 hbarley the Cleaver (level 10, -1/88 HPs)
             Began as a Hill Orc Fighter on Feb 3, 2023.
             Was the Champion of Uskayaw.
             Shot with a sling bullet by a skeletal warrior (22 damage)
             ... on level 8 of the Dungeon.
             The game lasted 00:19:41 (7900 turns).

hbarley the Cleaver (Hill Orc Fighter)              Turns: 7900, Time: 00:19:41

Health: -1/88      AC: 21    Str: 22    XL:     10   Next: 51%
Magic:  10/10      EV:  7    Int:  8    God:    Uskayaw [******]
Gold:   529        SH:  6    Dex: 18    Spells: 9/9 levels left

rFire   . . .      SeeInvis +   K - +2 war axe (vamp)
rCold   . . .      Faith    .   c - +0 buckler
rNeg    . . .      Spirit   .   O - +0 plate armour
rPois   .          Reflect  .   s - +2 helmet
rElec   .          Harm     .   (no cloak)
rCorr   .          Rampage  .   t - +0 pair of gloves
Will    .....                   G - +2 pair of boots
Stlth   ..........              w - amulet of the acrobat
HPRegen 0.24/turn               r - ring of see invisible
MPRegen 0.12/turn               J - +6 ring of dexterity

@: mighty, slowed, very slow
A: no striking features
a: Renounce Religion, Convert to Beogh, Stomp, Line Pass, Grand Finale


You were on level 8 of the Dungeon.
You worshipped Uskayaw.
Uskayaw was noncommittal.
You visited 1 branch of the dungeon, and saw 8 of its levels.

You collected 529 gold pieces.

Inventory:

Hand Weapons
 a - a +0 war axe
 K - a +2 vampiric war axe (weapon)
Missiles
 D - 12 poisoned darts (quivered)
Armour
 b - a +0 scale mail
 c - a +0 buckler (worn)
 n - a +0 chain mail
 o - a +2 leather armour of cold resistance
 s - a +2 helmet (worn)
 t - a +0 pair of gloves (worn)
 E - a +0 helmet
 G - a +2 pair of boots (worn)
 O - a +0 plate armour (worn)
Jewellery
 r - a ring of see invisible (left hand)
 w - an amulet of the acrobat (around neck)
 J - a +6 ring of dexterity (right hand)
 L - an amulet of faith
Wands
 v - a wand of roots (3)
 y - a wand of flame (11)
 F - a wand of charming (11)
 H - a wand of polymorph (9)
 N - a wand of mindburst (12)
Scrolls
 e - 5 scrolls of teleportation
 f - a scroll of identify
 i - 2 scrolls of vulnerability
 j - 3 scrolls of amnesia
 k - 2 scrolls of brand weapon
 l - 3 scrolls of noise
 p - 2 scrolls of enchant weapon {unknown}
 x - 3 scrolls of enchant armour
 B - a scroll of silence {unknown}
 I - a scroll of torment {unknown}
 M - a scroll of fear {unknown}
Potions
 d - a potion of might
 g - 5 potions of curing
 h - 2 potions of brilliance
 m - 5 potions of flight
 q - 2 potions of berserk rage
 u - a potion of ambrosia {unknown}
 z - 2 potions of heal wounds {unknown}
 A - a potion of resistance {unknown}
 C - 6 potions of mutation
 P - a potion of lignification {unknown}


   Skills:
 + Level 8.1 Fighting
 + Level 13.2 Axes
 + Level 7.6 Armour
 + Level 1.9 Dodging
 + Level 4.1 Stealth
 + Level 6.1 Shields
 + Level 1.1 Evocations


You had 9 spell levels left.
You didn't know any spells.
Your spell library contained the following spells:

 Spells                   Type           Power      Damage    Failure   Level
 Foxfire                  Conj/Fire      0%         2x1d4     100%        1
 Magic Dart               Conj           0%         1d3       100%        1
 Shock                    Conj/Air       0%         1d3       100%        1
 Summon Small Mammal      Summ           0%         N/A       100%        1
 Searing Ray              Conj           0%         2d4       100%        2
 Sublimation of Blood     Necr           0%         N/A       100%        2
 Wereblood                Tmut           0%         N/A       100%        2
 Call Canine Familiar     Summ           0%         N/A       100%        3
 Conjure Flame            Conj/Fire      0%         6-21      100%        3
 Inner Flame              Hex/Fire       0%         N/A       100%        3
 Ozocubu's Armour         Ice            0%         N/A       100%        3
 Summon Guardian Golem    Hex/Summ       0%         N/A       100%        3
 Swiftness                Air            0%         N/A       100%        3
 Airstrike                Air            0%         2d(0-16)  100%        4
 Flame Wave               Conj/Fire      0%         2d4       100%        4
 Fulminant Prism          Conj/Hex       0%         3d6       100%        4
 Summon Ice Beast         Ice/Summ       0%         N/A       100%        4
 Summon Mana Viper        Hex/Summ       0%         N/A       100%        5
 Monstrous Menagerie      Summ           0%         N/A       100%        7
 Orb of Destruction       Conj           0%         9d5       100%        7
 Ozocubu's Refrigeration  Ice            0%         4d7       100%        7
 Spellforged Servitor     Conj/Summ      0%         N/A       100%        7
 Summon Hydra             Summ           0%         N/A       100%        7


Dungeon Overview and Level Annotations

Branches:
Dungeon (8/15)             Temple (0/1) D:6
   Lair: D:8-11

Altars:
Elyvilon
Gozag
Hepliaklqana
Kikubaaqudgha
Nemelex Xobeh
Uskayaw

Shops:
D:5 =

Annotations:
D:6 2 transporters


Message History

The vampire mosquito draws strength from your injuries!
You hit the vampire mosquito.
The vampire mosquito is lightly damaged.
The vampire mosquito bites you but does no damage.
The vampire mosquito bites you.
* * * LOW HITPOINT WARNING * * *
The vampire mosquito draws strength from your injuries!
You block the vampire mosquito's attack.
A wight comes into view. It is wielding a +4 dagger.
Uskayaw links your audience in an emotional bond!
You closely miss the vampire mosquito.
The vampire mosquito bites you but does no damage. x2
You block the vampire mosquito's attack.
You closely miss the vampire mosquito.
The tengu warrior is no longer sharing its pain.
The skeletal warrior is no longer sharing its pain.
The vampire mosquito bites you but does no damage.
An orc priest comes into view.
It is wielding a +1 vorpal dire flail and carrying a wand of light (3).
The vampire mosquito bites you.
* * * LOW HITPOINT WARNING * * *
The vampire mosquito draws strength from your injuries!
The orc priest shouts!
You slice the vampire mosquito!!
The vampire mosquito is almost destroyed.
The bullfrog is no longer sharing its pain.
The vampire mosquito is no longer sharing its pain.
The wight is no longer sharing its pain. x3
The vampire mosquito bites you but does no damage.
The vampire mosquito closely misses you.
The vampire mosquito bites you.
* * * LOW HITPOINT WARNING * * *
The vampire mosquito draws strength from your injuries!
You slash the vampire mosquito!
You destroy the vampire mosquito!
The skeletal warrior unwields the +8 great mace of Excruciating Pain {vorpal, rF+ rCorr}.
The skeletal warrior wields a +3 sling of flaming.
It bursts into flame!
The skeletal warrior shoots a sling bullet.
The sling bullet hits you!!
You die...

#.# #........###...#. ..#
#..#...####.#..#. ###
###....###.#.##....
..#############....####.#.#.#.#..
#.....>.........####.#.#.#.##.(..
..###.........###...#)#.#[#.#.##.
............###..###)#.#.#.##.##.
..........### ##.# ####.#.#.#.##.
........### #.#@# ##.#.##....
.####.### .###†# ####.#.... ###
#.# .....Qz# ###.... .)# #.#
....###z# #.... ..###.# ##..#.#F#
#.... ......# ###.##z# ###....
..###.# # .z# ###...... .<###.#
##o ###........ ......#
###...#######


You could see a skeletal warrior, a tengu warrior, a bullfrog, 3 wights and an
orc priest.

Vanquished Creatures
  A catoblepas (D:8)
  A manticore (D:8)
  Prince Ribbit (D:6)
  A wraith (D:8)
  2 wyverns
  A steam dragon (D:5)
  A vampire mosquito (D:8)
  A water moccasin (D:7)
  2 ice beasts
  2 orc warriors (D:8)
  2 sky beasts
  A black bear (D:5)
  3 centaurs
  A phantom (D:5)
  A kobold brigand (D:8)
  4 bullfrogs
  A necrophage (D:3)
  5 scorpions
  3 wights (D:7)
  6 killer bees (D:7)
  7 howler monkeys
  A gnoll bouda (D:5)
  A hound (D:5)
  2 jellies (D:5)
  3 orc priests
  3 iguanas
  4 orc wizards
  Natasha (thrice) (D:4 D:3)
  10 gnolls
  5 adders
  3 white imps
  2 ufetubi (D:4)
  4 worms
  A dart slug (D:3)
  18 orcs
  8 ball pythons
  11 endoplasms
  3 giant cockroaches
  8 goblins
  9 hobgoblins
  2 quokkas
  6 bats
  4 kobolds
  4 rats
162 creatures vanquished.

Vanquished Creatures (others)
  A quokka (D:3)
  A fungus (D:3)
  6 plants (D:6)
8 creatures vanquished.

Grand Total: 170 creatures vanquished

Notes
Turn   | Place    | Note
-------+----------+-------------------------------------------
     0 | D:1      | hbarley the Hill Orc Fighter began the quest for the Orb.
     0 | D:1      | Reached XP level 1. HP: 19/19 MP: 1/1
    89 | D:1      | Reached XP level 2. HP: 10/27 MP: 2/2
   502 | D:1      | Found a faded altar of an unknown god.
   985 | D:2      | Reached XP level 3. HP: 33/33 MP: 3/3
  1019 | D:2      | Reached skill level 3 in Axes
  1579 | D:3      | Found a hide-covered altar of Uskayaw.
  1589 | D:3      | Became a worshipper of Uskayaw the Reveller
  1818 | D:3      | Found a sparkling altar of Nemelex Xobeh.
  1877 | D:3      | Reached * piety under Uskayaw
  2069 | D:3      | Found an opulent altar of Gozag.
  2108 | D:3      | Found a white marble altar of Elyvilon.
  2161 | D:3      | Reached XP level 4. HP: 40/40 MP: 4/4
  2212 | D:3      | Reached skill level 4 in Axes
  2476 | D:4      | Noticed Natasha
  2486 | D:4      | Reached ** piety under Uskayaw
  2487 | D:4      | Killed Natasha
  2490 | D:4      | Noticed a scorpion
  2490 | D:4      | Noticed a necrophage
  2705 | D:4      | Noticed Natasha
  2723 | D:3      | Killed Natasha
  2724 | D:3      | Reached XP level 5. HP: 27/46 MP: 5/5
  2727 | D:3      | Reached *** piety under Uskayaw
  2732 | D:3      | Reached **** piety under Uskayaw
  2763 | D:3      | Noticed Natasha
  2772 | D:3      | Killed Natasha
  2773 | D:3      | Reached skill level 5 in Axes
  3098 | D:4      | Reached XP level 6. HP: 50/53 MP: 6/6
  3368 | D:4      | Reached skill level 6 in Axes
  3368 | D:4      | Reached skill level 5 in Armour
  3368 | D:4      | Reached skill level 1 in Stealth
  3657 | D:5      | Entered Level 5 of the Dungeon
  3695 | D:5      | Reached XP level 7. HP: 47/60 MP: 7/7
  3704 | D:5      | Reached ***** piety under Uskayaw
  3716 | D:5      | Reached skill level 7 in Axes
  4204 | D:5      | Reached skill level 1 in Dodging
  4469 | D:5      | Reached skill level 8 in Axes
  4512 | D:5      | Noticed a steam dragon
  4523 | D:5      | Killed a steam dragon
  4524 | D:5      | Reached skill level 5 in Fighting
  4524 | D:5      | Reached XP level 8. HP: 62/68 MP: 8/8
  5062 | D:5      | Reached skill level 9 in Axes
  5294 | D:5      | Found Beqein's Jewellery Shoppe.
  5674 | D:6      | Found a transporter.
  5687 | D:6      | Reached skill level 5 in Shields
  5879 | D:6      | Identified the +5 trident of Extremism {pain, rElec}
  5879 | D:6      | Identified the +0 scale mail of the Evening {rC+ rN+}
  5960 | D:6      | Found a staircase to the Ecumenical Temple.
  6017 | D:6      | Noticed Prince Ribbit
  6031 | D:6      | Killed Prince Ribbit
  6032 | D:6      | Reached skill level 10 in Axes
  6032 | D:6      | Reached skill level 1 in Evocations
  6032 | D:6      | Reached XP level 9. HP: 71/75 MP: 9/9
  6110 | D:6      | Found a transporter.
  6358 | D:6      | Found an ancient bone altar of Kikubaaqudgha.
  6450 | D:7      | Reached skill level 11 in Axes
  6453 | D:7      | Reached ****** piety under Uskayaw
  6474 | D:7      | HP: 2/78 [wyvern (3)]
  7477 | D:8      | Reached skill level 12 in Axes
  7512 | D:8      | Reached XP level 10. HP: 75/86 MP: 10/10
  7715 | D:8      | Found a hazy altar of Hepliaklqana.
  7849 | D:8      | Noticed a catoblepas
  7849 | D:8      | Noticed a manticore
  7861 | D:8      | Identified the +8 great mace of Excruciating Pain {vorpal,
                  | rF+ rCorr}
  7861 | D:8      | Noticed a skeletal warrior
  7863 | D:8      | Killed a manticore
  7863 | D:8      | Noticed a tengu warrior
  7880 | D:8      | Killed a catoblepas
  7881 | D:8      | Reached skill level 13 in Axes
  7900 | D:8      | Shot with a sling bullet by a skeletal warrior

Illustrated notes

Levels and vault maps discovered:
D:1:      minmay_arrival_statue_studded, layout_rooms,
          chequers_ecumenical_altar_twisty, minmay_tromino_mix6
D:2:      layout_loops_cross, chequers_jeans
D:3:      layout_loops_ring, elyvilon_altar_4,
          nemelex_xobeh_ov_fountains_minmay, lemuel_crystal_altar,
          mainiacjoe_overflow_tiny_flanked
D:4:      layout_cave_pools, serial_column_ruins, column_ruins_square_large,
          column_ruins_hut_pillars, column_ruins_open_small,
          column_ruins_open_tiny, column_ruins_grid_1, column_ruins_grid_1,
          minmay_fractal_squares_5, uniq_natasha
D:5:      layout_layer_cave, serial_shops, shop,
          nicolae_concentric_dashed_squares_wild, minmay_increasing_density
D:6:      layout_cave_pools, kennysheep_little_box,
          minmay_temple_entry_proselytizer, gammafunk_ghost_gnarly_gnolls,
          uniq_prince_ribbit1
D:7:      layout_loops_cross
D:8:      minmay_the_grid_triangle_9x9_rhombus_thin
          [minmay_the_grid_triangle_9x9_warning,
          minmay_the_grid_triangle_9x9_prize_top_heavy,
          minmay_the_grid_triangle_9x9_checkered,
          minmay_the_grid_triangle_9x9_impossible_snake], layout_rooms,
          mainiacjoe_overflow_alcove_4, mainiacjoe_overflow_brackets

Skill      XL: |  1  2  3  4  5  6  7  8  9 10 |
---------------+-------------------------------+-----
Fighting       | 4 5 7 8 |  8.1
Axes           | 3 4 5 6 8 10 12 13 | 13.2
Armour         | 4 5 6 7 |  7.6
Stealth        | 1 2 3 4 |  4.1
Shields        | 4 5 6 |  6.1
Dodging        | 1 |  1.9
Evocations     | 1 |  1.1

Action                   |  1- 3 |  4- 6 |  7- 9 | 10-12 || total
-------------------------+-------+-------+-------+-------++-------
Melee: War axe           |   110 |   109 |   264 |    72 ||   555
Evoke: Wand              |       |     2 |     9 |       ||    11
  Use: Scroll            |       |     3 |     7 |       ||    10
       Potion            |       |       |     1 |     1 ||     2
 Stab: Paralysed         |       |     4 |    16 |     2 ||    22
Armor: Scale mail        |    21 |       |       |       ||    21
       Chain mail        |    47 |    78 |   172 |     4 ||   301
       Plate armour      |       |       |       |    35 ||    35
Dodge: Dodged            |    30 |    62 |   123 |    27 ||   242
Block: Buckler           |    26 |    29 |    80 |    22 ||   157
